 Dungeon Crawl Stone Soup version 0.20-a0-791-gf6451d4 (webtiles) character file.

541 Amciq the Chopper (level 7, -11/61 HPs)
             Began as a Hill Orc Fighter on Mar 1, 2017.
             Mangled by Amciq's ghost (20 damage)
             ... on level 5 of the Dungeon.
             The game lasted 00:07:01 (3750 turns).

Amciq the Chopper (Hill Orc Fighter)                Turns: 3750, Time: 00:07:02

Health: -11/61     AC:  7    Str: 25    XL:     7   Next: 26%
Magic:  7/7        EV:  8    Int: 13    God:
Gold:   163        SH: 10    Dex: 11    Spells: 6/6 levels left

rFire    . . .     SeeInvis .   a - +0 war axe
rCold    . . .     Gourm    .   k - +0 ring mail {rPois}
rNeg     . . .     Faith    .   c - +0 shield
rPois    +         Spirit   .   n - +0 helmet
rElec    .         Reflect  .   (no cloak)
rCorr    .         Harm     .   (no gloves)
MR       .....                  (no boots)
Stlth    +.........             (no amulet)
Regen    0.2/turn               (no ring)
MPRegen  0.1/turn               (no ring)

@: mighty, brilliant
A: no striking features
a: no special abilities


You were on level 5 of the Dungeon.
You were hungry.

You visited 1 branch of the dungeon, and saw 5 of its levels.

You collected 163 gold pieces.

Inventory:

Hand Weapons
 a - a +0 war axe (weapon)
Armour
 c - a +0 shield (worn)
 k - a +0 ring mail of poison resistance (worn)
 n - a +0 helmet (worn)
Wands
 q - a wand of random effects (25/48)
Scrolls
 b - 2 scrolls of immolation {unknown}
 g - 2 scrolls of teleportation {unknown}
 i - a scroll of noise {unknown}
 j - a scroll of random uselessness {unknown}
 p - a scroll of fog {unknown}
 s - a scroll of amnesia {unknown}
 t - a scroll of magic mapping {unknown}
Potions
 e - 3 potions of curing
 r - a potion of invisibility
Comestibles
 f - 4 bread rations
 m - 2 meat rations
 v - a royal jelly


   Skills:
 + Level 5.4 Fighting
 + Level 5.8 Axes
 + Level 5.0 Armour
 + Level 5.5 Shields


You had 6 spell levels left.
You didn't know any spells.

Dungeon Overview and Level Annotations

Branches:
Dungeon (5/15)
 Temple: D:4-7

Altars:
Cheibriados
Okawaru
Trog

Annotations:
D:5 Amciq's ghost, novice HOFi


Message History

The jackal bites you but does no damage.
You barely miss Amciq's ghost.
Amciq's ghost is heavily damaged.
You hit the jackal.
The jackal bites you but does no damage.
Amciq's ghost hits you!
* * * LOW HITPOINT WARNING * * *
The jackal barely misses you.
You feel better. Amciq's ghost hits you.
* * * LOW HITPOINT WARNING * * *
The jackal bites you but does no damage.
You closely miss the jackal.
The jackal is lightly wounded.
You barely miss Amciq's ghost. You block the jackal's attack.
Amciq's ghost hits you.
* * * LOW HITPOINT WARNING * * *
The jackal bites you.
* * * LOW HITPOINT WARNING * * *
Amciq's ghost hits you!!
You die...

#...##!#
...##.#
#..##.#
##..##.#
#....#.###
#........#####
#.............
#h@#.....###
#.....#
#####.####.#
...# # ....#
.....# ......#
.......#
#.......#


You could see Amciq's ghost and a jackal.

Vanquished Creatures
  Edmund (D:4)
  A phantom (D:4)
  A centaur skeleton (D:4)
  2 hounds (D:4)
  2 worker ants (D:4)
  Robin (D:4)
  4 gnolls (D:4)
  4 adders
  2 oozes
  An adder skeleton (D:4)
  A worm (D:3)
  A dart slug (D:1)
  3 leopard geckos
  4 orcs
  2 giant cockroaches (D:1)
  22 goblins
  10 hobgoblins
  6 jackals
  3 quokkas
  6 bats
  7 frilled lizards
  5 kobolds
  A leopard gecko skeleton (D:4)
  5 rats
95 creatures vanquished.

Notes
Turn   | Place    | Note
-------+----------+-------------------------------------------
     0 | D:1      | Amciq the Hill Orc Fighter began the quest for the Orb.
     0 | D:1      | Reached XP level 1. HP: 19/19 MP: 1/1
   403 | D:1      | Reached XP level 2. HP: 23/27 MP: 2/2
   531 | D:1      | Reached XP level 3. HP: 29/33 MP: 3/3
  1387 | D:2      | You fall through a shaft for 2 floors!
  1464 | D:3      | Reached XP level 4. HP: 40/40 MP: 4/4
  1520 | D:2      | Found a snail-covered altar of Cheibriados.
  1553 | D:2      | Found a bloodstained altar of Trog.
  1630 | D:2      | Found an iron altar of Okawaru.
  2289 | D:4      | Reached XP level 5. HP: 45/46 MP: 5/5
  2317 | D:4      | Noticed Robin
  2332 | D:4      | Killed Robin
  2556 | D:4      | Noticed Edmund
  2575 | D:4      | Killed Edmund
  2575 | D:4      | Reached skill level 5 in Fighting
  2575 | D:4      | Reached skill level 5 in Axes
  2575 | D:4      | Reached skill level 5 in Shields
  2575 | D:4      | Reached XP level 6. HP: 28/56 MP: 6/6
  2795 | D:4      | Noticed a phantom
  2834 | D:4      | Killed a phantom
  2991 | D:4      | Reached XP level 7. HP: 55/61 MP: 7/7
  3461 | D:4      | Reached skill level 5 in Armour
  3693 | D:5      | Entered Level 5 of the Dungeon
  3697 | D:5      | Noticed Amciq's ghost (novice HOFi)
  3750 | D:5      | Mangled by Amciq's ghost

Vault maps used:
D:1:      lemuel_arrival_tunnels
D:2:      okawaru_altar_gauntlet_db, lemuel_crystal_altar, first_bread,
          trog_three_pillars_becter
D:3:      nicolae_overflow_hidden_temple
D:4:      serial_park_tiny_1, uniq_robin, uniq_edmund
D:5:      temple_hall, serial_shops, shop, corner_web_ring, uniq_duvessa

Skill      XL: |  1  2  3  4  5  6  7 |
---------------+----------------------+-----
Axes           | 3 4 5 |  5.8
Shields        | 4 5 |  5.5
Fighting       | 4 5 |  5.4
Armour         | 4 5 |  5.0

Action                   |  1- 3 |  4- 6 |  7- 9 || total
-------------------------+-------+-------+-------++-------
Melee: War axe           |    77 |   179 |    65 ||   321
  Use: Potion            |       |     1 |     6 ||     7
  Eat: Chunk             |     2 |     4 |     3 ||     9
Armor: Scale mail        |    25 |       |       ||    25
       Ring mail         |     6 |    92 |    23 ||   121
Dodge: Dodged            |    21 |    56 |    17 ||    94
Block: Shield            |    31 |    85 |    37 ||   153
